 Dungeon Crawl Stone Soup version 0.28.0 (webtiles) character file.

Game seed: 1963886093067219733

341 Destapler the Magician (level 6, -4/44 HPs)
             Began as a Demonspawn Hedge Wizard on Feb 5, 2022.
             Was a Believer of Wu Jian.
             Engulfed by a steam dragon's steam (10 damage)
             ... on level 4 of the Dungeon.
             The game lasted 00:09:02 (4593 turns).

Destapler the Magician (Demonspawn Hedge Wizard)    Turns: 4593, Time: 00:09:03

Health: -4/44      AC:  2    Str: 11    XL:     6   Next: 30%
Magic:  5/10       EV: 13    Int: 15    God:    Wu Jian [**....]
Gold:   227        SH:  0    Dex: 14    Spells: 8/11 levels left

rFire   . . .      SeeInvis .   f - +1 dagger (venom)
rCold   . . .      Faith    .   (no shield)
rNeg    . . .      Spirit   .   b - +0 robe
rPois   .          Reflect  .   c - +0 hat
rElec   .          Harm     .   (no cloak)
rCorr   .          Rampage  .   (no gloves)
Will    .....                   (no boots)
Stlth   ++........              (no amulet)
HPRegen 0.14/turn               (no ring)
MPRegen 0.12/turn               (no ring)

@: no status effects
A: ignite blood 1, weakness stinger 1
a: Renounce Religion, Wall Jump


You were on level 4 of the Dungeon.
You worshipped Wu Jian.
Wu Jian was pleased with you.
You visited 1 branch of the dungeon, and saw 4 of its levels.

You collected 227 gold pieces.

Inventory:

Hand Weapons
 a - a +0 dagger
 f - a +1 dagger of venom (weapon)
Armour
 b - a +0 robe (worn)
 c - a +0 hat (worn)
Wands
 j - a wand of polymorph (3)
Scrolls
 e - a scroll of magic mapping {unknown}
 g - 2 scrolls of identify {unknown}
 h - a scroll of enchant armour {unknown}
 k - a scroll of vulnerability {unknown}
 n - a scroll of noise {unknown}
Potions
 d - 2 potions of mutation {unknown}
 i - a potion of curing {unknown}
 l - a potion of heal wounds {unknown}
 m - a potion of might {unknown}


   Skills:
 + Level 2.2 Fighting
 + Level 2.0 Short Blades
 + Level 2.9 Dodging
 - Level 3.0 Stealth
 - Level 3.0 Spellcasting
 - Level 2.2 Conjurations
 - Level 2.2 Summonings
 - Level 2.0 Translocations
 + Level 0.8 Evocations


You had 8 spell levels left.
You knew the following spells:

 Your Spells              Type           Power      Damage    Failure   Level
a - Magic Dart            Conj           36%        1d4       8%          1
b - Blink                 Tloc           16%        N/A       13%         2

Your spell library contained the following spells:

 Spells                   Type           Power      Damage    Failure   Level
 Call Imp                 Summ           8%         N/A       12%         2
 Slow                     Hex            8%         N/A       21%         1
 Corpse Rot               Necr/Air       4%         N/A       30%         2
 Conjure Flame            Conj/Fire      5%         6-21      36%         3
 Mephitic Cloud           Conj/Pois/Air  4%         N/A       41%         3
 Dispel Undead            Necr           2%         3d7       89%         4
 Death Channel            Necr           1%         N/A       100%        6


Dungeon Overview and Level Annotations

Branches:
Dungeon (4/15)             Temple (0/1) D:4

Altars:
Trog
Vehumet
Wu Jian

Annotations:
D:3 2 transporters


Innate Abilities, Weirdness & Mutations

Your demonic aura sometimes causes spilled blood to erupt in flames.
You have a small tail.


Message History

You hit the howler monkey.
The howler monkey looks as sick as possible!
The howler monkey is severely wounded.
The howler monkey hits you but does no damage.
You barely miss the howler monkey.
The howler monkey is severely wounded.
The howler monkey hits you.
You hit the howler monkey.
The howler monkey looks as sick as possible!
You tail-slap the howler monkey.
You kill the howler monkey!
The Council accepts your kill.
Training target 3.0 for Stealth reached!
Your Short Blades skill increases to level 2!
Your Stealth skill increases to level 3!
HP restored.
A steam dragon comes into view.
A steam dragon is nearby!
The magic dart hits the steam dragon but does no damage.
The steam dragon hisses angrily.
The magic dart hits the steam dragon.
The steam dragon is lightly wounded.
The magic dart hits the steam dragon but does no damage.
The steam dragon is lightly wounded.
The steam dragon breathes steam at you. The ball of steam hits you!!
The magic dart hits the steam dragon but does no damage.
The steam dragon is lightly wounded.
The magic dart hits the steam dragon but does no damage.
The steam dragon is lightly wounded.
The magic dart hits the steam dragon but does no damage.
The steam dragon is lightly wounded.
The steam dragon breathes steam at you. The ball of steam hits you!!
* * * LOW HITPOINT WARNING * * *
You hit the steam dragon but do no damage.
The steam dragon is poisoned.
The steam dragon is lightly wounded.
You are engulfed in a cloud of scalding steam.
You die...

#. .# ####### #. .# # .......
#. .##. ## ###### #.####...
..... ##### #....#.# .###..
#.... #.. #..§§§.#....... #.###
##.. #....D.....##.# #.#
....)..# #..§§@# #.# #.# .....
#####.§.## # #.# #.# ....
#.....§### #. #.####.###
##.###.###.###.###.##..†......
##..†......§.....##....####.###
###..##.###.###.##..###..# #.#
#..#.#....)......#.# #..####.#
#..#...##.###.##...# #.......#
#..#.#.#.......#.#.####.#######


You could see a steam dragon (very poisoned, catching breath).

Vanquished Creatures
  A bullfrog (D:4)
  2 scorpions (D:4)
  A howler monkey (D:4)
  3 adders (D:3)
  A gnoll (D:1)
  2 dart slugs
  9 orcs
  3 bats (D:3)
  4 endoplasms
  2 giant cockroaches
  10 goblins
  10 hobgoblins
  4 kobolds
  3 quokkas
  2 ball pythons (D:1)
  5 frilled lizards
  3 rats
65 creatures vanquished.

Notes
Turn   | Place    | Note
-------+----------+-------------------------------------------
     0 | D:1      | Destapler the Demonspawn Hedge Wizard began the quest for
                  | the Orb.
     0 | D:1      | Reached XP level 1. HP: 13/13 MP: 4/4
   257 | D:1      | Reached skill level 1 in Translocations
   257 | D:1      | Gained mutation: Your demonic aura sometimes causes spilled
                  | blood to erupt in flames. [demonic ancestry]
   257 | D:1      | Reached XP level 2. HP: 20/20 MP: 0/6
   909 | D:1      | Reached XP level 3. HP: 22/25 MP: 3/7
  1143 | D:2      | Learned a level 2 spell: Blink
  1615 | D:2      | Found a faded altar of an unknown god.
  1633 | D:2      | Prayed at the altar of an unknown god.
  1633 | D:2      | Became a worshipper of the Wu Jian Council
  1633 | D:2      | Reached * piety under Wu Jian
  2503 | D:3      | Reached skill level 1 in Fighting
  2646 | D:3      | Reached skill level 1 in Short Blades
  2702 | D:3      | Gained mutation: You have a small tail. [demonic ancestry]
  2702 | D:3      | Reached XP level 4. HP: 20/32 MP: 1/8
  2851 | D:3      | Found a radiant altar of Vehumet.
  2851 | D:3      | Found a bloodstained altar of Trog.
  2852 | D:3      | Noticed an ogre
  2854 | D:3      | Noticed an ice beast
  2855 | D:3      | Found a transporter.
  2856 | D:3      | Noticed a bullfrog
  3073 | D:3      | Found a transporter.
  3827 | D:4      | Found a staircase to the Ecumenical Temple.
  3957 | D:4      | Noticed a scorpion
  3968 | D:4      | Killed a scorpion
  3969 | D:4      | Reached XP level 5. HP: 21/38 MP: 0/9
  4286 | D:4      | Reached ** piety under Wu Jian
  4348 | D:4      | Reached XP level 6. HP: 44/44 MP: 5/10
  4584 | D:4      | Noticed a steam dragon
  4593 | D:4      | Engulfed by a steam dragon's steam

Illustrated notes

Levels and vault maps discovered:
D:1:      dpeg_arrival_castle, layout_rooms
D:2:      layout_loops_ring, dreamdust_ecumenical_altar_angels_and_demons,
          minmay_misc_feat_nine_boxes
D:3:      layout_basic, gammafunk_temple_overflow_arena, guppyfry_early_orc_mine
D:4:      layout_loops_ring, mainiacjoe_overflow_swirl,
          minmay_temple_entry_hall, nicolae_concentric_dashed_squares_mild,
          hex_medium, hangedman_abyss_or_decor_passed

Skill      XL: |  1  2  3  4  5  6 |
---------------+-------------------+-----
Stealth        | 2 3 |  3.0
Translocations | 1 2 |  2.0
Dodging        | 2 |  2.9
Fighting       | 1 2 |  2.2
Short Blades   | 1 2 |  2.0
Conjurations   | 2 |  2.2
Summonings     | 2 |  2.2
Spellcasting   | |  3.0
Evocations     | |  0.8

Action                   |  1- 3 |  4- 6 || total
-------------------------+-------+-------++-------
Melee: Dagger            |    46 |    27 ||    73
       Punch             |     1 |       ||     1
       Tailslap          |       |     1 ||     1
 Cast: Magic Dart        |   113 |    78 ||   191
Invok: Lunge             |       |     2 ||     2
 Stab: Sleeping          |     2 |     2 ||     4
Armor: Robe              |    14 |     3 ||    17
Dodge: Dodged            |    42 |    19 ||    61
